Avalanche vs Flames

Created - Wednesday, April 13, 2016 at 01:11

Goals
1 2 3 OT1 T
Avalanche 1 0 0 1 2
Flames 1 0 0 0 1
Shots
1 2 3 OT1 T
Avalanche 14 8 9 11 42
Flames 9 7 12 4 32

1st period

1. Flames , Jaden Schwartz 1 (Henrik Sedin) at 0:10
2. Avalanche , Ryan O'Reilly 1 (Matt Beleskey) at 16:08

Penalties :
Chris Kelly (Col) for Tripping (Minor) at 2:49

2nd period

No Goal

Penalties :
Ryan Murray (Cal) for High sticking (Minor) at 4:33, Lee Stempniak (Col) for Hooking (Minor) at 15:39, Shane Doan (Cal) for Hooking (Minor) at 18:21

3rd period

No Goal

Penalties :
Mark Scheifele (Col) for Unsportsmanlike conduct (Minor) at 6:27, Shane Doan (Cal) for High sticking (Minor) at 16:44

Overtime #1

3. Avalanche , Marcus Johansson 1 (Ryan O'Reilly) at 9:05 (PP)

Penalties :
Ryan Murray (Cal) for Interference (Minor) at 8:54

Goalie Stats

Marc-Andre Fleury (Col), 31 saves from 32 shots - (0.969), W, 1-0-0, 69:05 minutes
Antti Niemi (Cal), 40 saves from 42 shots - (0.952), OTL, 0-0-1, 69:05 minutes

Players Stats for Avalanche

Player Name              G  A  P  +/- PIM S  H  SB GA TA FO     MP     PP MP  PK MP  
------------------------------------------------------------------------------------
Brad Richards            0  0  0   0  0   4  1  0  5  1  5/10   18:50   2:21   2:57 
Chris Kelly              0  0  0   0  2   1  1  1  1  2  5/9    11:58   0:00   0:40 
Christian Ehrhoff        0  0  0   0  0   2  0  0  0  1  0/0    23:22   2:23   2:07 
Colton Sceviour          0  0  0   0  0   3  0  0  1  0  0/1    10:37   0:00   0:00 
Daniel Winnik            0  0  0   0  0   2  1  2  1  0  1/1    15:03   0:00   4:10 
David Pastrnak           0  0  0   0  0   1  1  0  0  0  0/2    19:09   2:21   0:00 
David Rundblad           0  0  0   1  0   1  2  0  0  0  0/0    17:45   2:23   0:00 
Jonas Brodin             0  0  0  -1  0   1  1  4  0  2  0/0    25:03   0:00   3:50 
Lee Stempniak            0  0  0   0  2   0  1  0  0  0  0/0    18:35   2:21   0:00 
Marcus Johansson         1  0  1   0  0   4  2  2  2  1  1/1    21:19   3:44   1:07 
Mark Scheifele           0  0  0   0  2   2  3  0  2  0  5/6    20:14   3:46   0:00 
Matt Beleskey            0  1  1   0  0   4  1  0  3  0  0/1    20:22   3:46   0:00 
Matt Dumba               0  0  0  -1  0   0  1  0  0  3  0/0    26:00   3:44   0:00 
Matt Moulson             0  0  0   0  0   3  1  1  3  1  1/1    12:51   0:00   0:00 
Mike Santorelli          0  0  0   0  0   2  0  0  1  0  1/1    12:51   0:00   0:00 
Nate Prosser             0  0  0   1  0   5  2  1  0  1  0/0    17:54   0:00   2:07 
Paul Martin              0  0  0   0  0   3  0  2  0  0  0/0    22:47   0:00   3:50 
Ryan O'Reilly            1  1  2   0  0   4  1  1  4  2  12/26  24:45   3:46   3:00 

Players Stats for Flames

Player Name              G  A  P  +/- PIM S  H  SB GA TA FO     MP     PP MP  PK MP  
------------------------------------------------------------------------------------
Antoine Vermette         0  0  0   0  0   3  0  1  2  0  9/16   15:49   0:00   3:09 
Brian Campbell           0  0  0   0  0   1  1  0  0  3  0/0    23:16   3:03   3:57 
Brian Gionta             0  0  0   0  0   2  0  0  2  0  2/3    15:21   0:00   2:41 
Chris Kunitz             0  0  0   0  0   0  2  0  2  1  0/2    14:19   0:00   0:10 
Dougie Hamilton          0  0  0   0  0   2  3  0  0  1  0/0    21:28   3:03   0:10 
Erik Cole                0  0  0   1  0   1  1  1  0  0  0/0    16:27   0:00   2:12 
Henrik Sedin             0  1  1   1  0   1  1  0  2  0  3/9    17:04   0:00   2:37 
Jaden Schwartz           1  0  1   1  0   2  1  1  3  0  0/0    17:40   2:56   0:00 
Jason Pominville         0  0  0  -1  0   1  0  0  0  0  1/3    18:33   2:56   0:00 
Jason Spezza             0  0  0   0  0   5  0  0  1  0  8/13   17:35   2:56   0:00 
John Klingberg           0  0  0   0  0   1  2  1  0  0  0/0    24:49   2:54   0:00 
Johnny Gaudreau          0  0  0  -1  0   0  1  0  0  0  0/1    18:16   3:01   0:00 
Kris Russell             0  0  0   0  0   2  3  1  0  1  0/0    18:48   0:00   3:57 
Martin St. Louis         0  0  0   0  0   0  0  0  0  0  0/0    17:18   3:01   0:00 
Ryan Murray              0  0  0   0  4   4  0  2  1  2  0/0    19:38   0:00   2:00 
Sean Monahan             0  0  0  -1  0   1  3  0  3  2  5/11   18:37   3:01   0:21 
Shane Doan               0  0  0   0  4   6  2  0  4  0  0/1    13:55   0:00   1:04 
TJ Brodie                0  0  0   0  0   0  1  0  0  2  0/0    30:21   2:54   2:10 

3 Stars

1 - Marc-Andre Fleury (Col)
2 - Ryan O'Reilly (Col)
3 - Antti Niemi (Cal)

Power Play

Avalanche - 1 on 4 Attempt(s) - 25.00%
Flames - 0 on 3 Attempt(s) - 0.00%

Penalty Kill

Avalanche - 3 on 3 Attempt(s) - 100.00% - Score 0 goal in Penalty Kill
Flames - 3 on 4 Attempt(s) - 75.00% - Score 0 goal in Penalty Kill

Team Stat

Avalanche - Hits : 19 - Faceoff Wins : 31 - Blocked Shots : 14 - Penalty Minutes : 6
Flames - Hits : 21 - Faceoff Wins : 28 - Blocked Shots : 7 - Penalty Minutes : 8

Official

Referees : Unknown
Linesman : Unknown

Game Notes

No Game Note

Finance

Level 1 -- Attendance: 6000 (100.00%) -- Ticket Income $480,000
Level 2 -- Attendance: 5000 (100.00%) -- Ticket Income $250,000
Level 3 -- Attendance: 2000 (100.00%) -- Ticket Income $56,000
Level 4 -- Attendance: 4000 (100.00%) -- Ticket Income $60,000
Luxury Box -- Attendance: 1000 (100.00%) -- Ticket Income $175,000
Game was played at the Pengrowth Saddledome.
Total Attendance: 18000 (100.00%)
Total Ticket Income: $1,021,000
Other Income: $500,290
Total Income: $1,521,290

Avalanche

5 vs 5 Forward 
   Center                   Left Wing                Right Wing               Time % Phy DF OF 
 1 Ryan O'Reilly            Matt Beleskey            David Pastrnak           37     0   4  1  
 2 Mark Scheifele           Marcus Johansson         Lee Stempniak            32     0   4  1  
 3 Brad Richards            Matt Moulson             Mike Santorelli          24     0   4  1  
 4 Chris Kelly              Daniel Winnik            Colton Sceviour          7      0   5  0  

5 vs 5 Defense 
   Defense                  Defense                                           Time % Phy DF OF 
 1 Jonas Brodin             Matt Dumba                                        37     0   4  1  
 2 Paul Martin              Christian Ehrhoff                                 32     0   4  1  
 3 David Rundblad           Nate Prosser                                      18     0   4  1  
 4 Jonas Brodin             Matt Dumba                                        13     0   4  1  

PowerPlay Forward 
   Center                   Left Wing                Right Wing               Time % Phy DF OF 
 1 Ryan O'Reilly            Matt Beleskey            Mark Scheifele           70     0   0  5  
 2 Brad Richards            David Pastrnak           Lee Stempniak            30     0   0  5  

PowerPlay Defense
   Defense                  Defense                                           Time % Phy DF OF 
 1 Marcus Johansson         Matt Dumba                                        70     0   0  5  
 2 Christian Ehrhoff        David Rundblad                                    30     0   0  5  

Penalty Kill 4 Players Forward 
   Center                   Wing                     Time % Phy DF OF 
 1 Ryan O'Reilly            Daniel Winnik            60     0   5  0  
 2 Brad Richards            Marcus Johansson         40     0   5  0  

Penalty Kill 4 Players Defense
   Defense                  Defense                  Time % Phy DF OF 
 1 Jonas Brodin             Paul Martin              60     0   5  0  
 2 Christian Ehrhoff        Nate Prosser             40     0   5  0  

Penalty Kill - 3 Players Forward 
   Forward                                           Time % Phy DF OF 
 1 Ryan O'Reilly                                     60     0   5  0  
 2 Daniel Winnik                                     40     0   5  0  

Penalty Kill - 3 Players Defense
   Defense                  Defense                  Time % Phy DF OF 
 1 Jonas Brodin             Paul Martin              60     0   5  0  
 2 Christian Ehrhoff        Nate Prosser             40     0   5  0  

4 vs 4 Forward 
   Center                   Wing                     Time % Phy DF OF 
 1 Ryan O'Reilly            Mark Scheifele           60     0   4  1  
 2 Brad Richards            Marcus Johansson         40     0   4  1  

4 vs 4 Defense
   Defense                  Defense                  Time % Phy DF OF 
 1 Jonas Brodin             Matt Dumba               60     0   4  1  
 2 Paul Martin              Christian Ehrhoff        40     0   4  1  

Last Minutes Offensive
   Center                   Left Wing                Right Wing               Defense                  Defense                  
   Ryan O'Reilly            Marcus Johansson         Mark Scheifele           David Pastrnak           Matt Dumba               

Last Minutes Defensive
   Center                   Left Wing                Right Wing               Defense                  Defense                  
   Ryan O'Reilly            Daniel Winnik            Mark Scheifele           Jonas Brodin             Paul Martin              

Goaltenders
Starting : Marc-Andre Fleury        
Backup : Eddie Lack               

Extra Forwards
Normal : Ryan O'Reilly, Mark Scheifele, Marcus Johansson - PP : Ryan O'Reilly, Mark Scheifele - PK : Daniel Winnik
Extra Defensemen
Normal : Matt Dumba, Christian Ehrhoff, Jonas Brodin - PP : Matt Dumba - PK : Jonas Brodin, Christian Ehrhoff
Penalty Shots
Ryan O'Reilly, Daniel Winnik, Brad Richards, Marcus Johansson, Mark Scheifele

Flames

5 vs 5 Forward 
   Center                   Left Wing                Right Wing               Time % Phy DF OF 
 1 Henrik Sedin             Jaden Schwartz           Erik Cole                27     0   1  4  
 2 Sean Monahan             Johnny Gaudreau          Jason Pominville         26     0   1  4  
 3 Jason Spezza             Chris Kunitz             Martin St. Louis         25     1   1  3  
 4 Antoine Vermette         Shane Doan               Brian Gionta             22     1   1  3  

5 vs 5 Defense 
   Defense                  Defense                                           Time % Phy DF OF 
 1 TJ Brodie                John Klingberg                                    32     0   2  3  
 2 Kris Russell             Dougie Hamilton                                   30     0   2  3  
 3 Brian Campbell           Ryan Murray                                       28     1   2  2  
 4 TJ Brodie                Dougie Hamilton                                   10     0   2  3  

PowerPlay Forward 
   Center                   Left Wing                Right Wing               Time % Phy DF OF 
 1 Jason Spezza             Jaden Schwartz           Jason Pominville         50     0   0  5  
 2 Sean Monahan             Johnny Gaudreau          Martin St. Louis         50     0   0  5  

PowerPlay Defense
   Defense                  Defense                                           Time % Phy DF OF 
 1 Brian Campbell           Dougie Hamilton                                   50     0   1  4  
 2 TJ Brodie                John Klingberg                                    50     0   1  4  

Penalty Kill 4 Players Forward 
   Center                   Wing                     Time % Phy DF OF 
 1 Antoine Vermette         Brian Gionta             50     0   5  0  
 2 Henrik Sedin             Shane Doan               50     0   5  0  

Penalty Kill 4 Players Defense
   Defense                  Defense                  Time % Phy DF OF 
 1 TJ Brodie                Ryan Murray              50     0   5  0  
 2 Kris Russell             Brian Campbell           50     0   5  0  

Penalty Kill - 3 Players Forward 
   Forward                                           Time % Phy DF OF 
 1 Henrik Sedin                                      50     0   5  0  
 2 Antoine Vermette                                  50     0   5  0  

Penalty Kill - 3 Players Defense
   Defense                  Defense                  Time % Phy DF OF 
 1 TJ Brodie                Brian Campbell           50     0   5  0  
 2 Kris Russell             Ryan Murray              50     0   5  0  

4 vs 4 Forward 
   Center                   Wing                     Time % Phy DF OF 
 1 Henrik Sedin             Jaden Schwartz           50     0   2  3  
 2 Sean Monahan             Johnny Gaudreau          50     0   2  3  

4 vs 4 Defense
   Defense                  Defense                  Time % Phy DF OF 
 1 TJ Brodie                Dougie Hamilton          50     1   2  2  
 2 Kris Russell             John Klingberg           50     1   2  2  

Last Minutes Offensive
   Center                   Left Wing                Right Wing               Defense                  Defense                  
   Henrik Sedin             Jaden Schwartz           Johnny Gaudreau          John Klingberg           Dougie Hamilton          

Last Minutes Defensive
   Center                   Left Wing                Right Wing               Defense                  Defense                  
   Antoine Vermette         Shane Doan               Brian Gionta             TJ Brodie                Kris Russell             

Goaltenders
Starting : Antti Niemi              
Backup : James Reimer             

Extra Forwards
Normal : Chris Kunitz, Shane Doan, Erik Cole - PP : Henrik Sedin, Chris Kunitz - PK : Erik Cole
Extra Defensemen
Normal : Brian Campbell, Ryan Murray, Kris Russell - PP : Ryan Murray - PK : Dougie Hamilton, Brian Campbell
Penalty Shots
Chris Kunitz, Sean Monahan, Jason Pominville, Jason Spezza, Brian Gionta

% Time on Ice - Avalanche

Lines # - Real PCT - Wanted PCT - Time Play
Normal Forward
1 - 30% - 37% - 17:18
2 - 29% - 32% - 16:15
3 - 23% - 24% - 12:51
4 - 19% - 7% - 10:37
Normal Defense
1 - 34% - 37% - 19:34
2 - 33% - 32% - 18:52
3 - 27% - 18% - 15:21
4 - 6% - 13% - 3:14
PP Forward
1 - 62% - 70% - 3:46
2 - 38% - 30% - 2:21
PP Defense
1 - 61% - 70% - 3:44
2 - 39% - 30% - 2:23
PK Forward
1 - 81% - 60% - 4:50
2 - 19% - 40% - 1:07
PK Defense
1 - 64% - 60% - 3:50
2 - 36% - 40% - 2:07
PK3 Forward
1 - 0% - 60%
2 - 0% - 40%
PK3 Defense
1 - 0% - 60%
2 - 0% - 40%
44 Forward
1 - 0% - 60%
2 - 0% - 40%
44 Defense
1 - 0% - 60%
2 - 0% - 40%
Last Minute Offensive  - 0:00
Last Minute Defensive  - 0:00
Total
Forward - 69:05
Defense - 69:05

% Time on Ice - Flames

Lines # - Real PCT - Wanted PCT - Time Play
Normal Forward
1 - 27% - 27% - 15:19
2 - 27% - 26% - 15:28
3 - 25% - 25% - 14:09
4 - 21% - 22% - 12:05
Normal Defense
1 - 34% - 32% - 19:33
2 - 30% - 30% - 16:58
3 - 30% - 28% - 16:53
4 - 6% - 10% - 3:37
PP Forward
1 - 49% - 50% - 2:56
2 - 51% - 50% - 3:01
PP Defense
1 - 51% - 50% - 3:03
2 - 49% - 50% - 2:54
PK Forward
1 - 44% - 50% - 2:41
2 - 56% - 50% - 3:26
PK Defense
1 - 35% - 50% - 2:10
2 - 65% - 50% - 3:57
PK3 Forward
1 - 0% - 50%
2 - 0% - 50%
PK3 Defense
1 - 0% - 50%
2 - 0% - 50%
44 Forward
1 - 0% - 50%
2 - 0% - 50%
44 Defense
1 - 0% - 50%
2 - 0% - 50%
Last Minute Offensive  - 0:00
Last Minute Defensive  - 0:00
Total
Forward - 69:05
Defense - 69:05

Play by Play

1st period


0:01 of 1st period - Henrik Sedin wins face-off versus Ryan O'Reilly in neutral zone.
0:10 of 1st period - Wrist shot by Jaden Schwartz.
0:10 of 1st period - Goal by Jaden Schwartz - Avalanche : 0 - Flames : 1.
0:11 of 1st period - Sean Monahan wins face-off versus Mark Scheifele in neutral zone.
0:48 of 1st period - Slapshot by Mark Scheifele.
0:48 of 1st period - Stopped by Antti Niemi with a rebound.
1:20 of 1st period - Wrist shot by Jason Spezza.
1:20 of 1st period - Stopped by Marc-Andre Fleury with a rebound.
1:22 of 1st period - Slapshot by TJ Brodie.
1:22 of 1st period - Shot Blocked by Paul Martin.
1:24 of 1st period - Slapshot by John Klingberg.
1:24 of 1st period - Deflect By Chris Kunitz.
1:24 of 1st period - Shot Misses the Net.
1:24 of 1st period - Puck is out of play.
1:25 of 1st period - Antoine Vermette wins face-off versus Ryan O'Reilly in Avalanche zone.
1:52 of 1st period - Snap shot by Ryan O'Reilly.
1:52 of 1st period - Stopped by Antti Niemi with a rebound.
2:22 of 1st period - Nate Prosser is hit by Erik Cole and loses puck.
2:43 of 1st period - Snap shot by Henrik Sedin.
2:43 of 1st period - Deflect By Erik Cole.
2:43 of 1st period - Stopped by Marc-Andre Fleury with a rebound.
2:49 of 1st period - Minor Penalty to Chris Kelly for Tripping.
2:50 of 1st period - Sean Monahan wins face-off versus Ryan O'Reilly in Avalanche zone.
3:13 of 1st period - Snap shot by Daniel Winnik.
3:13 of 1st period - Stopped by Antti Niemi without a rebound.
3:14 of 1st period - Jason Pominville wins face-off versus Ryan O'Reilly in Flames zone.
3:44 of 1st period - Off-side.
3:45 of 1st period - Brad Richards wins face-off versus Sean Monahan in neutral zone.
3:54 of 1st period - Paul Martin is hit by Sean Monahan and loses puck.
4:01 of 1st period - Slapshot by Martin St. Louis.
4:01 of 1st period - Shot Blocked by Marcus Johansson.
4:03 of 1st period - Slapshot by Dougie Hamilton.
4:03 of 1st period - Stopped by Marc-Andre Fleury without a rebound.
4:04 of 1st period - Sean Monahan wins face-off versus Ryan O'Reilly in Avalanche zone.
4:17 of 1st period - Snap shot by Sean Monahan.
4:17 of 1st period - Stopped by Marc-Andre Fleury without a rebound.
4:18 of 1st period - Ryan O'Reilly wins face-off versus Jason Spezza in Avalanche zone.
4:31 of 1st period - Snap shot by Jason Pominville.
4:31 of 1st period - Shot Blocked by Jonas Brodin.
4:49 of 1st period - Penalty to Chris Kelly is over, Chris Kelly is back on ice.
5:25 of 1st period - Snap shot by Marcus Johansson.
5:25 of 1st period - Stopped by Antti Niemi with a rebound.
5:27 of 1st period - Slapshot by Nate Prosser.
5:27 of 1st period - Stopped by Antti Niemi without a rebound.
5:28 of 1st period - Brad Richards wins face-off versus Chris Kunitz in Flames zone.
5:29 of 1st period - Snap shot by Mike Santorelli.
5:29 of 1st period - Shot Blocked by Ryan Murray.
5:31 of 1st period - Snap shot by Jonas Brodin.
5:31 of 1st period - Stopped by Antti Niemi with a rebound.
5:33 of 1st period - Slapshot by Mike Santorelli.
5:33 of 1st period - Stopped by Antti Niemi without a rebound.
5:34 of 1st period - Jason Spezza wins face-off versus Brad Richards in Flames zone.
6:19 of 1st period - Icing by Jonas Brodin.
6:20 of 1st period - Mark Scheifele wins face-off versus Sean Monahan in Avalanche zone.
7:32 of 1st period - Paul Martin is hit by Henrik Sedin and loses puck.
8:01 of 1st period - Snap shot by Antoine Vermette.
8:01 of 1st period - Shot Misses the Net.
8:03 of 1st period - Snap shot by Antoine Vermette.
8:03 of 1st period - Stopped by Marc-Andre Fleury with a rebound.
8:05 of 1st period - Wrist shot by Brian Gionta.
8:05 of 1st period - Shot Blocked by Nate Prosser.
8:17 of 1st period - Wrist shot by Antoine Vermette.
8:17 of 1st period - Deflect By Matt Moulson.
8:17 of 1st period - Shot Blocked by Matt Moulson.
8:17 of 1st period - Puck is out of play.
8:18 of 1st period - Chris Kelly wins face-off versus Jason Spezza in Avalanche zone.
8:22 of 1st period - Off-side.
8:23 of 1st period - Jason Spezza wins face-off versus Chris Kelly in neutral zone.
8:28 of 1st period - Daniel Winnik is hit by John Klingberg and loses puck.
8:46 of 1st period - Wrist shot by Daniel Winnik.
8:46 of 1st period - Shot Misses the Net.
8:48 of 1st period - Slapshot by Colton Sceviour.
8:48 of 1st period - Stopped by Antti Niemi without a rebound.
8:49 of 1st period - Mark Scheifele wins face-off versus Henrik Sedin in Flames zone.
9:47 of 1st period - Ryan O'Reilly is hit by Kris Russell and loses puck.
10:00 of 1st period - Wrist shot by Matt Beleskey.
10:00 of 1st period - Stopped by Antti Niemi with a rebound.
10:40 of 1st period - Wrist shot by Matt Moulson.
10:40 of 1st period - Stopped by Antti Niemi without a rebound.
10:41 of 1st period - Chris Kelly wins face-off versus Antoine Vermette in Flames zone.
11:00 of 1st period - Snap shot by Colton Sceviour.
11:00 of 1st period - Shot Misses the Net.
11:32 of 1st period - John Klingberg is hit by Mark Scheifele and loses puck.
11:59 of 1st period - TJ Brodie is hit by Mark Scheifele and loses puck.
12:14 of 1st period - Ryan O'Reilly is hit by John Klingberg and loses puck.
12:21 of 1st period - Ryan O'Reilly is hit by Sean Monahan and loses puck.
13:16 of 1st period - Wrist shot by Brad Richards.
13:16 of 1st period - Shot Misses the Net.
13:29 of 1st period - David Rundblad is hit by Kris Russell and loses puck.
15:02 of 1st period - Slapshot by Marcus Johansson.
15:02 of 1st period - Stopped by Antti Niemi with a rebound.
15:21 of 1st period - Wrist shot by Jason Pominville.
15:21 of 1st period - Shot Misses the Net.
15:43 of 1st period - Nate Prosser is hit by Johnny Gaudreau and loses puck.
16:08 of 1st period - Snap shot by Ryan O'Reilly.
16:08 of 1st period - Goal by Ryan O'Reilly - Avalanche : 1 - Flames : 1.
16:09 of 1st period - Ryan O'Reilly wins face-off versus Henrik Sedin in neutral zone.
16:46 of 1st period - Icing by Nate Prosser.
16:47 of 1st period - Antoine Vermette wins face-off versus Ryan O'Reilly in Avalanche zone.
16:54 of 1st period - Ryan O'Reilly is hit by Shane Doan and loses puck.
17:24 of 1st period - Snap shot by Shane Doan.
17:24 of 1st period - Stopped by Marc-Andre Fleury without a rebound.
17:25 of 1st period - Jason Spezza wins face-off versus Brad Richards in Avalanche zone.
17:26 of 1st period - Slapshot by Martin St. Louis.
17:26 of 1st period - Shot Misses the Net.
17:58 of 1st period - Wrist shot by Jason Spezza.
17:58 of 1st period - Stopped by Marc-Andre Fleury with a rebound.
18:00 of 1st period - Snap shot by John Klingberg.
18:00 of 1st period - Deflect By Matt Dumba.
18:00 of 1st period - Stopped by Marc-Andre Fleury without a rebound.
18:01 of 1st period - Mark Scheifele wins face-off versus Henrik Sedin in Avalanche zone.
18:34 of 1st period - Snap shot by Mark Scheifele.
18:34 of 1st period - Shot Blocked by Ryan Murray.
18:36 of 1st period - Slapshot by Paul Martin.
18:36 of 1st period - Stopped by Antti Niemi with a rebound.
18:38 of 1st period - Slapshot by Christian Ehrhoff.
18:38 of 1st period - Shot Misses the Net.
18:54 of 1st period - Slapshot by David Pastrnak.
18:54 of 1st period - Shot Misses the Net.
18:56 of 1st period - Slapshot by Jonas Brodin.
18:56 of 1st period - Deflect By Matt Beleskey.
18:56 of 1st period - Stopped by Antti Niemi without a rebound.
18:57 of 1st period - Ryan O'Reilly wins face-off versus Sean Monahan in Flames zone.
19:58 of 1st period - Antoine Vermette is hit by Jonas Brodin and loses puck.
Goals for this period are 1 for Avalanche vs 1 for Flames.
Shots for this period are 14 for Avalanche vs 9 for Flames.

2nd period


0:01 of 2nd period - Ryan O'Reilly wins face-off versus Henrik Sedin in neutral zone.
1:13 of 2nd period - Wrist shot by Mark Scheifele.
1:13 of 2nd period - Shot Misses the Net.
1:15 of 2nd period - Slapshot by Mark Scheifele.
1:15 of 2nd period - Stopped by Antti Niemi with a rebound.
1:17 of 2nd period - Snap shot by Paul Martin.
1:17 of 2nd period - Stopped by Antti Niemi with a rebound.
1:27 of 2nd period - Slapshot by Brad Richards.
1:27 of 2nd period - Shot Misses the Net.
1:29 of 2nd period - Slapshot by Paul Martin.
1:29 of 2nd period - Stopped by Antti Niemi with a rebound.
1:31 of 2nd period - Snap shot by Matt Moulson.
1:31 of 2nd period - Shot Blocked by Jaden Schwartz.
1:33 of 2nd period - Slapshot by Paul Martin.
1:33 of 2nd period - Shot Misses the Net.
1:47 of 2nd period - Snap shot by Matt Moulson.
1:47 of 2nd period - Shot Misses the Net.
1:49 of 2nd period - Slapshot by Nate Prosser.
1:49 of 2nd period - Stopped by Antti Niemi with a rebound.
1:51 of 2nd period - Slapshot by David Rundblad.
1:51 of 2nd period - Stopped by Antti Niemi with a rebound.
2:50 of 2nd period - Snap shot by Ryan O'Reilly.
2:50 of 2nd period - Stopped by Antti Niemi without a rebound.
2:51 of 2nd period - Jason Spezza wins face-off versus David Pastrnak in Flames zone.
3:49 of 2nd period - Marcus Johansson is hit by Dougie Hamilton and loses puck.
3:56 of 2nd period - Wrist shot by Shane Doan.
3:56 of 2nd period - Stopped by Marc-Andre Fleury with a rebound.
3:58 of 2nd period - Snap shot by Antoine Vermette.
3:58 of 2nd period - Shot Misses the Net.
4:00 of 2nd period - Slapshot by Brian Campbell.
4:00 of 2nd period - Shot Misses the Net.
4:02 of 2nd period - Snap shot by Antoine Vermette.
4:02 of 2nd period - Stopped by Marc-Andre Fleury with a rebound.
4:04 of 2nd period - Snap shot by Shane Doan.
4:04 of 2nd period - Shot Misses the Net.
4:06 of 2nd period - Slapshot by Brian Campbell.
4:06 of 2nd period - Deflect By Shane Doan.
4:06 of 2nd period - Stopped by Marc-Andre Fleury with a rebound.
4:08 of 2nd period - Wrist shot by Ryan Murray.
4:08 of 2nd period - Shot Misses the Net.
4:10 of 2nd period - Slapshot by Brian Campbell.
4:10 of 2nd period - Stopped by Marc-Andre Fleury without a rebound.
4:11 of 2nd period - Mike Santorelli wins face-off versus Johnny Gaudreau in Avalanche zone.
4:33 of 2nd period - Minor Penalty to Ryan Murray for High sticking.
4:34 of 2nd period - Ryan O'Reilly wins face-off versus Antoine Vermette in Flames zone.
6:24 of 2nd period - Lee Stempniak is hit by Kris Russell and loses puck.
6:33 of 2nd period - Penalty to Ryan Murray is over, Ryan Murray is back on ice.
6:58 of 2nd period - Daniel Winnik is hit by Dougie Hamilton and loses puck.
7:09 of 2nd period - Snap shot by Jason Spezza.
7:09 of 2nd period - Shot Misses the Net.
7:11 of 2nd period - Wrist shot by TJ Brodie.
7:11 of 2nd period - Shot Misses the Net.
7:13 of 2nd period - Slapshot by Dougie Hamilton.
7:13 of 2nd period - Shot Misses the Net.
7:15 of 2nd period - Slapshot by TJ Brodie.
7:15 of 2nd period - Shot Blocked by Chris Kelly.
7:17 of 2nd period - Slapshot by TJ Brodie.
7:17 of 2nd period - Shot Misses the Net.
7:19 of 2nd period - Snap shot by Martin St. Louis.
7:19 of 2nd period - Shot Misses the Net.
7:21 of 2nd period - Wrist shot by Jason Spezza.
7:21 of 2nd period - Shot Misses the Net.
7:23 of 2nd period - Slapshot by Chris Kunitz.
7:23 of 2nd period - Shot Misses the Net.
7:47 of 2nd period - Snap shot by Jason Pominville.
7:47 of 2nd period - Shot Blocked by Marcus Johansson.
7:49 of 2nd period - Slapshot by Sean Monahan.
7:49 of 2nd period - Shot Blocked by Daniel Winnik.
8:11 of 2nd period - Ryan Murray is hit by Matt Moulson and loses puck.
8:15 of 2nd period - Icing by Ryan Murray.
8:16 of 2nd period - Matt Moulson wins face-off versus Jason Pominville in Flames zone.
9:09 of 2nd period - Wrist shot by David Pastrnak.
9:09 of 2nd period - Shot Misses the Net.
9:11 of 2nd period - Wrist shot by Nate Prosser.
9:11 of 2nd period - Shot Blocked by Antoine Vermette.
10:01 of 2nd period - Kris Russell is hit by David Rundblad and loses puck.
10:32 of 2nd period - Snap shot by Martin St. Louis.
10:32 of 2nd period - Shot Blocked by Paul Martin.
11:02 of 2nd period - Slapshot by Jaden Schwartz.
11:02 of 2nd period - Stopped by Marc-Andre Fleury with a rebound.
11:18 of 2nd period - Wrist shot by Brian Gionta.
11:18 of 2nd period - Shot Misses the Net.
11:20 of 2nd period - Wrist shot by Shane Doan.
11:20 of 2nd period - Stopped by Marc-Andre Fleury with a rebound.
11:56 of 2nd period - Jonas Brodin is hit by Chris Kunitz and loses puck.
12:07 of 2nd period - Slapshot by Jason Spezza.
12:07 of 2nd period - Stopped by Marc-Andre Fleury without a rebound.
12:08 of 2nd period - Chris Kelly wins face-off versus Jason Spezza in Avalanche zone.
12:13 of 2nd period - Snap shot by Colton Sceviour.
12:13 of 2nd period - Shot Misses the Net.
12:15 of 2nd period - Slapshot by Nate Prosser.
12:15 of 2nd period - Stopped by Antti Niemi with a rebound.
13:01 of 2nd period - TJ Brodie is hit by Brad Richards and loses puck.
13:47 of 2nd period - Slapshot by Marcus Johansson.
13:47 of 2nd period - Stopped by Antti Niemi without a rebound.
13:48 of 2nd period - Chris Kelly wins face-off versus Brian Gionta in Flames zone.
14:31 of 2nd period - Wrist shot by Mike Santorelli.
14:31 of 2nd period - Shot Misses the Net.
14:33 of 2nd period - Slapshot by David Rundblad.
14:33 of 2nd period - Deflect By Brad Richards.
14:33 of 2nd period - Shot Misses the Net.
14:33 of 2nd period - Puck is out of play.
14:34 of 2nd period - Ryan O'Reilly wins face-off versus Sean Monahan in Flames zone.
14:49 of 2nd period - Matt Beleskey is hit by Brian Campbell and loses puck.
15:39 of 2nd period - Minor Penalty to Lee Stempniak for Hooking.
15:40 of 2nd period - Brad Richards wins face-off versus Jason Spezza in Avalanche zone.
15:52 of 2nd period - Snap shot by Jaden Schwartz.
15:52 of 2nd period - Shot Blocked by Jonas Brodin.
16:26 of 2nd period - Wrist shot by Martin St. Louis.
16:26 of 2nd period - Deflect By Sean Monahan.
16:26 of 2nd period - Shot Misses the Net.
16:26 of 2nd period - Puck is out of play.
16:27 of 2nd period - Sean Monahan wins face-off versus Ryan O'Reilly in Avalanche zone.
17:39 of 2nd period - Penalty to Lee Stempniak is over, Lee Stempniak is back on ice.
17:53 of 2nd period - Antoine Vermette is hit by Mark Scheifele and loses puck.
18:21 of 2nd period - Minor Penalty to Shane Doan for Hooking.
18:22 of 2nd period - Henrik Sedin wins face-off versus Ryan O'Reilly in Flames zone.
18:37 of 2nd period - Wrist shot by Matt Beleskey.
18:37 of 2nd period - Shot Misses the Net.
18:55 of 2nd period - Wrist shot by David Pastrnak.
18:55 of 2nd period - Shot Blocked by Kris Russell.
Goals for this period are 0 for Avalanche vs 0 for Flames.
Shots for this period are 8 for Avalanche vs 7 for Flames.

3rd period


0:01 of 3rd period - Ryan O'Reilly wins face-off versus Antoine Vermette in neutral zone.
0:21 of 3rd period - Penalty to Shane Doan is over, Shane Doan is back on ice.
0:23 of 3rd period - Icing by TJ Brodie.
0:24 of 3rd period - Antoine Vermette wins face-off versus Brad Richards in Flames zone.
0:55 of 3rd period - Snap shot by Brad Richards.
0:55 of 3rd period - Stopped by Antti Niemi without a rebound.
0:56 of 3rd period - Ryan O'Reilly wins face-off versus Chris Kunitz in Flames zone.
2:26 of 3rd period - Snap shot by Brad Richards.
2:26 of 3rd period - Shot Misses the Net.
2:28 of 3rd period - Slapshot by Paul Martin.
2:28 of 3rd period - Shot Misses the Net.
2:30 of 3rd period - Wrist shot by Mike Santorelli.
2:30 of 3rd period - Stopped by Antti Niemi without a rebound.
2:31 of 3rd period - Brad Richards wins face-off versus Shane Doan in Flames zone.
2:36 of 3rd period - Snap shot by Matt Moulson.
2:36 of 3rd period - Stopped by Antti Niemi without a rebound.
2:37 of 3rd period - Antoine Vermette wins face-off versus Ryan O'Reilly in Flames zone.
2:52 of 3rd period - Wrist shot by Brian Gionta.
2:52 of 3rd period - Shot Misses the Net.
2:54 of 3rd period - Slapshot by Ryan Murray.
2:54 of 3rd period - Stopped by Marc-Andre Fleury with a rebound.
2:56 of 3rd period - Slapshot by Ryan Murray.
2:56 of 3rd period - Stopped by Marc-Andre Fleury without a rebound.
2:57 of 3rd period - Ryan O'Reilly wins face-off versus Sean Monahan in Avalanche zone.
4:14 of 3rd period - Snap shot by Brian Gionta.
4:14 of 3rd period - Shot Misses the Net.
4:33 of 3rd period - Wrist shot by Jason Spezza.
4:33 of 3rd period - Stopped by Marc-Andre Fleury without a rebound.
4:34 of 3rd period - Jason Spezza wins face-off versus Brad Richards in Avalanche zone.
5:02 of 3rd period - Snap shot by Brad Richards.
5:02 of 3rd period - Stopped by Antti Niemi with a rebound.
5:04 of 3rd period - Slapshot by David Rundblad.
5:04 of 3rd period - Shot Misses the Net.
6:13 of 3rd period - Dougie Hamilton is hit by David Pastrnak and loses puck.
6:27 of 3rd period - Minor Penalty to Mark Scheifele for Unsportsmanlike conduct.
6:28 of 3rd period - Daniel Winnik wins face-off versus Jason Spezza in Avalanche zone.
7:15 of 3rd period - Snap shot by Martin St. Louis.
7:15 of 3rd period - Shot Misses the Net.
7:17 of 3rd period - Wrist shot by Sean Monahan.
7:17 of 3rd period - Shot Blocked by Jonas Brodin.
8:05 of 3rd period - Marcus Johansson is hit by Sean Monahan.
8:20 of 3rd period - Chris Kelly is hit by Dougie Hamilton and loses puck.
8:27 of 3rd period - Penalty to Mark Scheifele is over, Mark Scheifele is back on ice.
9:10 of 3rd period - Jonas Brodin is hit by Shane Doan and loses puck.
9:19 of 3rd period - Wrist shot by Shane Doan.
9:19 of 3rd period - Shot Blocked by Jonas Brodin.
9:21 of 3rd period - Slapshot by Ryan Murray.
9:21 of 3rd period - Shot Hit the Post.
9:37 of 3rd period - Brian Campbell is hit by Matt Dumba and loses puck.
10:10 of 3rd period - Ryan Murray is hit by Matt Beleskey and loses puck.
11:00 of 3rd period - TJ Brodie is hit by Chris Kelly and loses puck.
11:05 of 3rd period - Snap shot by Chris Kelly.
11:05 of 3rd period - Shot Misses the Net.
11:07 of 3rd period - Slapshot by Paul Martin.
11:07 of 3rd period - Shot Hit the Post.
11:09 of 3rd period - Snap shot by Colton Sceviour.
11:09 of 3rd period - Stopped by Antti Niemi with a rebound.
11:11 of 3rd period - Snap shot by Daniel Winnik.
11:11 of 3rd period - Deflect By Colton Sceviour.
11:11 of 3rd period - Stopped by Antti Niemi with a rebound.
12:25 of 3rd period - Wrist shot by Jason Spezza.
12:25 of 3rd period - Stopped by Marc-Andre Fleury without a rebound.
12:26 of 3rd period - Ryan O'Reilly wins face-off versus Antoine Vermette in Avalanche zone.
12:30 of 3rd period - Off-side.
12:31 of 3rd period - Antoine Vermette wins face-off versus Ryan O'Reilly in neutral zone.
13:02 of 3rd period - Shane Doan is hit by Marcus Johansson and loses puck.
14:55 of 3rd period - Snap shot by Antoine Vermette.
14:55 of 3rd period - Stopped by Marc-Andre Fleury with a rebound.
14:57 of 3rd period - Wrist shot by Shane Doan.
14:57 of 3rd period - Stopped by Marc-Andre Fleury without a rebound.
14:58 of 3rd period - Antoine Vermette wins face-off versus Chris Kelly in Avalanche zone.
14:59 of 3rd period - Snap shot by Brian Gionta.
14:59 of 3rd period - Stopped by Marc-Andre Fleury with a rebound.
15:01 of 3rd period - Slapshot by Kris Russell.
15:01 of 3rd period - Stopped by Marc-Andre Fleury with a rebound.
15:03 of 3rd period - Slapshot by Dougie Hamilton.
15:03 of 3rd period - Stopped by Marc-Andre Fleury with a rebound.
15:05 of 3rd period - Snap shot by Brian Gionta.
15:05 of 3rd period - Stopped by Marc-Andre Fleury without a rebound.
15:06 of 3rd period - Jason Spezza wins face-off versus Colton Sceviour in Avalanche zone.
15:23 of 3rd period - Wrist shot by Jason Spezza.
15:23 of 3rd period - Deflect By Chris Kunitz.
15:23 of 3rd period - Shot Misses the Net.
15:23 of 3rd period - Puck is out of play.
15:24 of 3rd period - Jason Spezza wins face-off versus Ryan O'Reilly in Avalanche zone.
16:10 of 3rd period - Lee Stempniak is hit by TJ Brodie and loses puck.
16:25 of 3rd period - Snap shot by Jason Pominville.
16:25 of 3rd period - Stopped by Marc-Andre Fleury with a rebound.
16:27 of 3rd period - Slapshot by Kris Russell.
16:27 of 3rd period - Stopped by Marc-Andre Fleury without a rebound.
16:28 of 3rd period - Chris Kelly wins face-off versus Antoine Vermette in Avalanche zone.
16:44 of 3rd period - Minor Penalty to Shane Doan for High sticking.
16:45 of 3rd period - Mark Scheifele wins face-off versus Antoine Vermette in Flames zone.
16:46 of 3rd period - Wrist shot by Ryan O'Reilly.
16:46 of 3rd period - Stopped by Antti Niemi without a rebound.
16:47 of 3rd period - Antoine Vermette wins face-off versus Ryan O'Reilly in Flames zone.
17:25 of 3rd period - Slapshot by Marcus Johansson.
17:25 of 3rd period - Shot Misses the Net.
18:07 of 3rd period - Wrist shot by Brian Gionta.
18:07 of 3rd period - Deflect By Antoine Vermette.
18:07 of 3rd period - Shot Misses the Net.
18:07 of 3rd period - Puck is out of play.
18:08 of 3rd period - Ryan O'Reilly wins face-off versus Henrik Sedin in Avalanche zone.
18:40 of 3rd period - Snap shot by David Pastrnak.
18:40 of 3rd period - Stopped by Antti Niemi with a rebound.
18:42 of 3rd period - Wrist shot by Christian Ehrhoff.
18:42 of 3rd period - Shot Blocked by Erik Cole.
18:44 of 3rd period - Penalty to Shane Doan is over, Shane Doan is back on ice.
18:44 of 3rd period - Snap shot by Brad Richards.
18:44 of 3rd period - Stopped by Antti Niemi without a rebound.
18:45 of 3rd period - Brad Richards wins face-off versus Sean Monahan in Flames zone.
19:33 of 3rd period - John Klingberg is hit by Daniel Winnik and loses puck.
19:53 of 3rd period - Off-side.
19:54 of 3rd period - Antoine Vermette wins face-off versus Brad Richards in neutral zone.
Goals for this period are 0 for Avalanche vs 0 for Flames.
Shots for this period are 9 for Avalanche vs 12 for Flames.

Overtime #1


0:01 of 1st overtime period - Henrik Sedin wins face-off versus Ryan O'Reilly in neutral zone.
0:52 of 1st overtime period - Ryan Murray is hit by Marcus Johansson and loses puck.
1:05 of 1st overtime period - Sean Monahan is hit by Lee Stempniak.
1:49 of 1st overtime period - Wrist shot by Matt Moulson.
1:49 of 1st overtime period - Stopped by Antti Niemi with a rebound.
1:51 of 1st overtime period - Slapshot by Matt Moulson.
1:51 of 1st overtime period - Shot Blocked by John Klingberg.
1:53 of 1st overtime period - Wrist shot by Christian Ehrhoff.
1:53 of 1st overtime period - Deflect By Chris Kunitz.
1:53 of 1st overtime period - Stopped by Antti Niemi with a rebound.
1:55 of 1st overtime period - Snap shot by Brad Richards.
1:55 of 1st overtime period - Stopped by Antti Niemi with a rebound.
1:57 of 1st overtime period - Snap shot by Christian Ehrhoff.
1:57 of 1st overtime period - Stopped by Antti Niemi without a rebound.
1:58 of 1st overtime period - Brian Gionta wins face-off versus Chris Kelly in Flames zone.
1:58 of 1st overtime period - Brian Gionta is hit by Nate Prosser.
2:57 of 1st overtime period - Snap shot by Henrik Sedin.
2:57 of 1st overtime period - Stopped by Marc-Andre Fleury with a rebound.
3:03 of 1st overtime period - Snap shot by Erik Cole.
3:03 of 1st overtime period - Shot Blocked by Daniel Winnik.
3:05 of 1st overtime period - Slapshot by Ryan Murray.
3:05 of 1st overtime period - Stopped by Marc-Andre Fleury without a rebound.
3:06 of 1st overtime period - Ryan O'Reilly wins face-off versus Jason Pominville in Avalanche zone.
3:33 of 1st overtime period - Sean Monahan is hit by Ryan O'Reilly and loses puck.
3:38 of 1st overtime period - Slapshot by Matt Beleskey.
3:38 of 1st overtime period - Stopped by Antti Niemi without a rebound.
3:39 of 1st overtime period - Marcus Johansson wins face-off versus Henrik Sedin in Flames zone.
4:03 of 1st overtime period - Snap shot by Marcus Johansson.
4:03 of 1st overtime period - Shot Misses the Net.
4:11 of 1st overtime period - Snap shot by Marcus Johansson.
4:11 of 1st overtime period - Shot Misses the Net.
4:43 of 1st overtime period - Mike Santorelli is hit by Chris Kunitz and loses puck.
5:18 of 1st overtime period - Slapshot by Matt Beleskey.
5:18 of 1st overtime period - Stopped by Antti Niemi with a rebound.
5:20 of 1st overtime period - Snap shot by Nate Prosser.
5:20 of 1st overtime period - Deflect By Jason Pominville.
5:20 of 1st overtime period - Stopped by Antti Niemi without a rebound.
5:21 of 1st overtime period - Sean Monahan wins face-off versus Ryan O'Reilly in Flames zone.
5:21 of 1st overtime period - Sean Monahan is hit by David Rundblad.
5:45 of 1st overtime period - Wrist shot by David Pastrnak.
5:45 of 1st overtime period - Shot Misses the Net.
5:47 of 1st overtime period - Slapshot by Nate Prosser.
5:47 of 1st overtime period - Stopped by Antti Niemi with a rebound.
6:07 of 1st overtime period - Wrist shot by Chris Kelly.
6:07 of 1st overtime period - Stopped by Antti Niemi without a rebound.
6:08 of 1st overtime period - Antoine Vermette wins face-off versus Chris Kelly in Flames zone.
6:27 of 1st overtime period - Snap shot by Daniel Winnik.
6:27 of 1st overtime period - Stopped by Antti Niemi without a rebound.
6:28 of 1st overtime period - Mark Scheifele wins face-off versus Antoine Vermette in Flames zone.
6:54 of 1st overtime period - Wrist shot by Shane Doan.
6:54 of 1st overtime period - Stopped by Marc-Andre Fleury with a rebound.
7:13 of 1st overtime period - Marcus Johansson is hit by Jaden Schwartz and loses puck.
7:35 of 1st overtime period - Off-side.
7:36 of 1st overtime period - Jason Spezza wins face-off versus David Pastrnak in neutral zone.
8:05 of 1st overtime period - Slapshot by Chris Kunitz.
8:05 of 1st overtime period - Shot Blocked by Ryan O'Reilly.
8:07 of 1st overtime period - Wrist shot by Ryan Murray.
8:07 of 1st overtime period - Stopped by Marc-Andre Fleury with a rebound.
8:33 of 1st overtime period - Ryan Murray is hit by Nate Prosser and loses puck.
8:54 of 1st overtime period - Minor Penalty to Ryan Murray for Interference.
8:55 of 1st overtime period - Brian Gionta wins face-off versus Matt Beleskey in Flames zone.
9:05 of 1st overtime period - Slapshot by Marcus Johansson.
9:05 of 1st overtime period - Goal by Marcus Johansson - Avalanche : 2 - Flames : 1.
Goals for this period are 1 for Avalanche vs 0 for Flames.
Shots for this period are 11 for Avalanche vs 4 for Flames.